 Dungeon Crawl Stone Soup version 0.30-a0-1112-gfb780f5df6 (webtiles) character file.

Game seed: 4184999312634044132

9 sampeng1 the Sneak (level 2, -2/19 HPs)
             Began as an Octopode Brigand on Apr 20, 2023.
             Slain by a jackal (3 damage)
             ... on level 1 of the Dungeon.
             The game lasted 00:01:21 (245 turns).

sampeng1 the Sneak (Octopode Brigand)                Turns: 245, Time: 00:01:25

Health: -2/19      AC:  1    Str: 10    XL:     2   Next: 12%
Magic:  2/2        EV: 12    Int: 13    God:
Gold:   30         SH:  0    Dex: 13    Spells: 1/1 levels left

rFire   . . .      SeeInvis .    a - +2 dagger
rCold   . . .      Faith    .    (no shield)
rNeg    . . .      Spirit   .    (helmet restricted)
rPois   .          Reflect  .    (no amulet)
rElec   .          Rampage  .    (no ring)
rCorr   .                        (no ring)
Will    .....                    (no ring)
Stlth   ++++                     (no ring)
HPRegen 0.23/turn                (no ring)
MPRegen 0.08/turn                (no ring)
                                 (no ring)
                                 (no ring)

@: no status effects
A: almost no armour, amphibious, 8 rings, camouflage 1, gelatinous body 1,
(nimble swimmer 1), tentacles
a: no special abilities


You were on level 1 of the Dungeon.
You visited 1 branch of the dungeon, and saw 1 of its levels.

You collected 30 gold pieces.

Inventory:

Hand Weapons
 a - a +2 dagger (weapon)
 e - a +0 dagger
 f - a +0 dagger
Missiles
 b - 9 poisoned darts (quivered)
 c - 3 curare-tipped darts
Scrolls
 h - a scroll of fog {unknown}
Potions
 d - a potion of berserk rage {unknown}
 g - a potion of brilliance {unknown}
 i - a potion of curing {unknown}


   Skills:
 + Level 2.2 Fighting
 + Level 2.0 Short Blades
 + Level 2.0 Throwing
 + Level 1.0 Dodging
 + Level 5.9 Stealth


You had one spell level left.
You didn't know any spells.
Your spell library was empty.

Dungeon Overview and Level Annotations

Branches:
Dungeon (1/15)

Altars:


Innate Abilities, Weirdness & Mutations

You cannot wear most types of armour.
You are amphibious.
You can wear up to eight rings at the same time.
Your skin changes colour to match your surroundings (Stealth+).
Your rubbery body absorbs attacks. (AC +1, EV +1)
((You are camouflaged when in or above water. (Stealth+)))
You have tentacles for arms and can constrict up to eight enemies at once.


Message History

You see here a hobgoblin corpse.
A jackal comes into view.
You hit the rat.
You kill the rat!
The jackal barks!
A jackal comes into view.
The jackal closely misses you. The jackal barely misses you.
The jackal barks!
You hit the jackal. Your grab misses the jackal. You squeeze the jackal.
You kill the jackal!
The jackal completely misses you. The jackal bites you.
You hit the jackal. Your grab misses the jackal.
The jackal is heavily wounded.
The jackal closely misses you. The jackal bites you.
You hit the jackal.
You kill the jackal!
The jackal bites you. x2
You have reached level 2!
You closely miss the jackal. Your grab misses the jackal. The jackal bites you.
* * * LOW HITPOINT WARNING * * *
The jackal barely misses you. The jackal bites you.
* * * LOW HITPOINT WARNING * * *
You closely miss the jackal. Your grab misses the jackal. The jackal bites you.
* * * LOW HITPOINT WARNING * * *
The jackal closely misses you.
The jackal bites you but does no damage.
You hit the jackal. You grab the jackal. You squeeze the jackal.
You kill the jackal!
The jackal closely misses you.
You hit the jackal. You grab the jackal.
The jackal is severely wounded.
You constrict the jackal. The jackal bites you.
* * * LOW HITPOINT WARNING * * *
You hit the jackal but do no damage. Your squeeze misses the jackal.
The jackal is almost dead.
You constrict the jackal, but do no damage.
The jackal barely misses you.
The jackal pauses to sniff the ground.
The jackal bites you.
You die...

.. ##+#### .... #.....#
.... #.....#### #####..#
#........ ......####
#.....# ##.........
##.....#######..........
..............†^.†......
.......)........@.......
........(........h......
.......#####............
.......# #.#..........
.......# #.#..........
.......# ..#..........
.......+ K.############
.......+ ##
..............


You could see a jackal.

Vanquished Creatures
  A hobgoblin (D:1)
  3 jackals (D:1)
  A quokka (D:1)
  A frilled lizard (D:1)
  2 rats (D:1)
8 creatures vanquished.

Notes
Turn   | Place    | Note
-------+----------+-------------------------------------------
     0 | D:1      | sampeng1 the Octopode Brigand began the quest for the Orb.
     0 | D:1      | Reached XP level 1. HP: 14/14 MP: 1/1
   241 | D:1      | Reached XP level 2. HP: 7/19 MP: 2/2
   245 | D:1      | Slain by a jackal

Illustrated notes

Levels and vault maps discovered:
D:1:      kennysheep_arrival_seaside, layout_basic,
          shapermc_ecumenical_altar_mp_vishouse

Action                     || total
---------------------------++-------
  Melee: Dagger            ||    13
         Tentacles         ||     2
         Constrict         ||     2
   Stab: Sleeping          ||     2
 Armour: Skin              ||     1
  Dodge: Dodged            ||     8

Table legend: (Time is in decaauts)
 A = Elapsed time spent in this place.
 B = Non-inter-level travel time spent in this place.
 C = Inter-level travel time spent in this place.
 D = Time resting spent in this place.
 E = Time spent auto-exploring this place.
 F = Levels seen in this place.
 G = Mean time per level.
                   A        B        C        D        E       F      G
               +--------+--------+--------+--------+--------+-----+--------+
         Total |    243 |    243 |      0 |      0 |    121 |   1 |  243.0 |
       Dungeon |    243 |    243 |      0 |      0 |    121 |   1 |  243.0 |
               +--------+--------+--------+--------+--------+-----+--------+

Top non-repeatable levels by time:
     D:1: 243 daAuts
